AoeStats
← Juanfreelance

Arabia

508157905Analyzed
2v2 RM · 11d ago on Sep 21, 2026· 15m 31s· 4 players
Game mode
Random Map
Map size
Medium (4 player)
Population
200
Speed
Normal
Resources
Standard
Victory
Conquest
Starting age
Dark Age
Ending age
Imperial Age
RankedLock teamsTeams togetherTeam positionsShared explorationLock speedFull tech treeHidden civsTurbo modeCheats
Victory
Defeat
🇦🇷 Malay · Argentina
1337
+11
🇦🇷 Vietnamese · Argentina
1138
+20
🇵🇦 Persians · Panama
1240
-16
🇦🇷 Cumans · Argentina
1209
-15
elPreto
8:58 Feudal Age
9:45 Double-Bit Axe
9:43 Horse Collar
11:17 Loom
Juanfreelance
5:50 Loom
9:11 Feudal Age
9:40 Horse Collar
9:46 Double-Bit Axe
lu.sal1207
6:29 Loom
8:59 Feudal Age
Mirkwood Heir
10:25 Feudal Age
11:29 Horse Collar
12:19 Loom
14:13 Double-Bit Axe
Connection lost

Rejoining the realm…

Still unreachable

The connection could not be restored.

Session expired

The server has moved on; the page needs a fresh start.